 Dungeon Crawl Stone Soup version 0.25-a0-265-g7af84ae0ac (webtiles) character file.

Game seed: 9264870038929417297, levelgen mode: deterministic

410 floatRand the Shield-Bearer (level 6, -3/47 HPs)
             Began as a Demonspawn Fighter on Dec 7, 2019.
             Slain by a centaur zombie (4 damage)
             ... in an ossuary.
             The game lasted 00:03:39 (3298 turns).

floatRand the Shield-Bearer (Demonspawn Fighter)    Turns: 3298, Time: 00:03:40

Health: -3/47      AC:  6    Str: 17    XL:     6   Next: 58%
Magic:  6/6        EV:  7    Int:  9    God:
Gold:   111        SH: 10    Dex: 14    Spells: 5/5 levels left

rFire    + . .     SeeInvis .   a - +0 trident
rCold    . . .     Gourm    .   c - +0 shield
rNeg     . . .     Faith    .   b - +0 scale mail
rPois    .         Spirit   .   (helmet restricted)
rElec    .         Reflect  .   (no cloak)
rCorr    .         Harm     .   (no gloves)
MR       .....                  (no boots)
Stlth    ..........             (no amulet)
HPRegen  0.15/turn              k - ring of fire
MPRegen  0.10/turn              (no ring)

@: lethally poisoned (-3 -> -15)
A: antennae 1, cold resistance 1, foul stench 1, rot immunity
a: no special abilities


You were in an ossuary.
You were not hungry.

You visited 1 branch of the dungeon, and saw 4 of its levels.
You also visited: Ossuary.

You collected 111 gold pieces.

Inventory:

Hand Weapons
 a - a +0 trident (weapon)
Armour
 b - a +0 scale mail (worn)
 c - a +0 shield (worn)
Jewellery
 k - a ring of fire (left hand)
Scrolls
 e - 2 scrolls of fear {unknown}
 g - 2 scrolls of identify
 h - a scroll of fog {unknown}
 i - 2 scrolls of teleportation {unknown}
 j - 2 scrolls of remove curse {unknown}
 m - a scroll of noise {unknown}
Potions
 d - a potion of might
 l - a potion of magic
Comestibles
 f - 2 rations


   Skills:
 - Level 3.0 Fighting
 + Level 4.7 Polearms
 - Level 2.6 Armour
 + Level 5.2 Shields


You had 5 spell levels left.
You didn't know any spells.
Your spell library was empty.

Dungeon Overview and Level Annotations

Branches:
Dungeon (3/15)            Ossuary (1/1)

Altars:
Dithmenos
Trog


Innate Abilities, Weirdness & Mutations

You have a pair of small antennae on your head.
Your flesh is cold resistant. (rC+)
You may emit foul miasma when damaged in melee.
You are immune to rotting.


Message History

You feel sick.
The centaur zombie hits you but does no damage.
Unknown command.
You hit the centaur zombie.
The centaur zombie is almost destroyed.
* * * LOW HITPOINT WARNING * * *
You feel sick.
The centaur zombie hits you but does no damage.
You block the centaur zombie's attack.
You puncture the centaur zombie!
You destroy the centaur zombie!
* * * LOW HITPOINT WARNING * * *
You feel sick.
Unknown command.
You completely miss the centaur zombie.
* * * LOW HITPOINT WARNING * * *
You feel sick. The centaur zombie hits you.
* * * LOW HITPOINT WARNING * * *
The centaur zombie hits you.
You die...

############# ###########
#.....#.....#...#...#...#
#.....#....@Z...#.∩.'.∩.#
#.....8.....#...#...#...#
#...........##+###'######
#...........#...#...#...#
###8.....8###!..#...8...#
#...........#M??#.......#
#...........######8...8##
#.....8.....#^^^#.......#
#.....#.....'^.^#...8...#


You could see a centaur zombie.

Vanquished Creatures
  4 scorpions (Ossuary)
  2 centaur zombies (Ossuary)
  A big kobold zombie (Ossuary)
  3 gnolls (D:3)
  4 adders
  3 scorpion zombies (Ossuary)
  A worm (D:2)
  2 orcs (D:3)
  A giant cockroach (D:2)
  5 goblins
  6 hobgoblins
  2 jackals (D:2)
  9 kobolds
  A ball python (D:2)
  8 bats
  3 frilled lizards
  3 hobgoblin zombies (Ossuary)
  4 rats
62 creatures vanquished.

Notes
Turn   | Place    | Note
-------+----------+-------------------------------------------
     0 | D:1      | floatRand the Demonspawn Fighter began the quest for the
                  | Orb.
     0 | D:1      | Reached XP level 1. HP: 18/18 MP: 1/1
   224 | D:1      | Reached skill level 3 in Shields
   224 | D:1      | Gained mutation: You are immune to rotting. [demonic
                  | ancestry]
   224 | D:1      | Reached XP level 2. HP: 24/24 MP: 2/2
   784 | D:2      | Found a shadowy altar of Dithmenos.
   806 | D:2      | Gained mutation: Your flesh is cold resistant. (rC+)
                  | [demonic ancestry]
   806 | D:2      | Reached XP level 3. HP: 26/29 MP: 3/3
  1468 | D:2      | Found a faded altar of an unknown god.
  1559 | D:2      | Gained mutation: You may emit foul miasma when damaged in
                  | melee. [demonic ancestry]
  1559 | D:2      | Reached XP level 4. HP: 15/35 MP: 4/4
  2400 | D:3      | Reached skill level 4 in Shields
  2691 | D:3      | Found a bloodstained altar of Trog.
  2701 | D:3      | You fall into a shaft and drop 3 floors!
  2729 | D:6      | Found a sand-covered staircase.
  2734 | Ossuary  | Entered an ossuary
  2763 | Ossuary  | Reached XP level 5. HP: 21/41 MP: 5/5
  3021 | Ossuary  | Gained mutation: You have a pair of small antennae on your
                  | head. [demonic ancestry]
  3021 | Ossuary  | Reached XP level 6. HP: 32/47 MP: 6/6
  3292 | Ossuary  | Reached skill level 5 in Shields
  3298 | Ossuary  | HP: 1/47 [centaur zombie (2)]
  3298 | Ossuary  | Slain by a centaur zombie

Levels and vault maps discovered:
D:1:      shiori_arrival_elements, layout_basic
D:2:      layout_loops_ring, chequers_ecumenical_altar_grove,
          grunt_dithmenos_smoke
D:3:      layout_basic, trog_three_pillars_becter
D:6:      layout_loops_ring, kennysheep_little_box, nicolae_ossuary_entry_plus,
          uniq_grinder
Ossuary:  ossuary_minmay_scorpions

Skill      XL: |  1  2  3  4  5  6 |
---------------+-------------------+-----
Polearms       | 2 3 4 |  4.7
Shields        | 3 4 5 |  5.2
Fighting       | |  3.0
Armour         | |  2.6

Action                   |  1- 3 |  4- 6 || total
-------------------------+-------+-------++-------
Melee: Trident           |   151 |   158 ||   309
  Use: Scroll            |     1 |       ||     1
       Potion            |       |     1 ||     1
  Eat: Chunk             |     2 |     3 ||     5
       Ration            |       |     1 ||     1
Armor: Scale mail        |    64 |    40 ||   104
Dodge: Dodged            |    44 |    35 ||    79
Block: Shield            |    77 |    67 ||   144

Table legend:
 A = Non-vault XP
 B = Vault XP
 C = Vault XP percentage of total XP
 D = Non-vault monster count
 E = Vault monster count
 F = Vault count percentage of total count
                 A         B        C        D         E       F
            +---------+---------+-------+---------+---------+-------
      Total |     167 |     419 |  71.5 |      49 |      13 |  21.0
            +---------+---------+-------+---------+---------+-------
        D:1 |      38 |       0 |   0.0 |      23 |       0 |   0.0
        D:2 |      64 |       0 |   0.0 |      18 |       0 |   0.0
        D:3 |      65 |       0 |   0.0 |       8 |       0 |   0.0
    Ossuary |       0 |     419 | 100.0 |       0 |      13 | 100.0
            +---------+---------+-------+---------+---------+-------
